Map: Efflorescence LE

Players

Raistlin

  • Race: Zerg Zerg
  • Spawn Location: 12:00

Dark

  • Race: Protoss Protoss
  • League: Silver
  • Spawn Location: 3:00

Nyck - Winner!

  • Race: Terran Terran
  • Spawn Location: 6:00

Ekelpack - Winner!

  • Race: Zerg Zerg
  • Spawn Location: 9:00

VOD

Have the link to the VOD?

Description

Time

  • Played on: Sept. 27, 2020, 1:32 p.m.
  • Length: 8:32
Show
View Real Time Build Order
Export as new Build Order

Raistlin Zerg 

Build Orders: Pool First 

Get SALT Encoding   

  12  0:03  Drone  
  13  0:08  Drone  
  14  0:18  Overlord  
  14  0:36  Drone  
  14  0:37  Drone x2  
  14  0:41  Extractor  
  16  0:48  Drone  
  17  0:54  Spawning Pool  
  16  0:58  Drone  
  17  1:19  Hatchery  
  16  1:32  Drone x3  
  19  1:45  Zergling x2  
  20  1:54  Queen  
  20  2:01  Overlord  
  22  2:20  Zergling x4  
  23  2:37  Queen  
  23  2:43  Extractor  
  24  2:45  Roach Warren, Lair  
  23  2:55  Zergling x6  
  26  3:11  Metabolic Boost  
  26  3:13  Queen  
  28  3:20  Drone  
  28  3:21  Drone x4  
  28  3:50  Roach x4  
  36  4:02  Glial Reconstitution  
  36  4:08  Spine Crawler  
  35  4:10  Overlord  
  35  4:55  Drone x2  
  35  4:56  Drone x7, Hydralisk Den  
  43  5:13  Overlord x2  
  43  5:31  Queen  
  45  5:37  Hydralisk x3  
  28  6:26  Drone x11  
  39  6:40  Queen  
  41  6:52  Extractor  
  40  6:55  Drone x4, Extractor  
  43  7:15  Drone x6  
  49  7:16  Queen  
  49  7:19  Spore Crawler  
  50  7:35  Drone x2  
  52  7:39  Spore Crawler  
  52  7:40  Spore Crawler  
  50  7:53  Overlord x2  
Show
View Real Time Build Order
Export as new Build Order

Dark Protoss 

Build Orders: Oracle Opening 

Get SALT Encoding   

  12  0:02  Probe  
  13  0:14  Probe  
  14  0:22  Pylon  
  14  0:26  Probe  
  15  0:35  Assimilator  
  15  0:43  Gateway  
  16  0:50  Probe (Chrono Boost)  
  16  1:02  Probe (Chrono Boost)  
  17  1:08  Probe (Chrono Boost)  
  18  1:16  Probe  
  18  1:18  Forge  
  19  1:28  Probe  
  20  1:36  Assimilator  
  20  1:40  Probe  
  21  1:48  Cybernetics Core  
  21  1:52  Probe  
  22  1:57  Photon Cannon  
  22  2:04  Probe  
  23  2:39  Stargate  
  23  2:42  Pylon  
  23  2:43  Protoss Air Weapons Level 1  
  23  2:47  Pylon  
  23  3:11  Gateway  
  23  3:22  Pylon  
  23  3:32  Adept  
  25  3:47  Oracle  
  28  3:56  Stargate  
  28  4:00  Adept  
  28  4:02  Adept  
  32  4:41  Void Ray  
  32  4:42  Void Ray  
  40  4:52  Pylon  
  40  5:31  Void Ray  
  37  7:14  Phoenix x2  
  33  7:19  Stargate  
  33  7:49  Nexus  
  33  7:50  Phoenix x2 (Chrono Boost)  
  21  8:06  Phoenix x2 (Chrono Boost)  
Show
View Real Time Build Order
Export as new Build Order

Nyck Terran - Winner!

Build Orders: 2 Factory 

Get SALT Encoding   

  12  0:01  SCV  
  13  0:13  SCV  
  14  0:23  Supply Depot  
  14  0:25  SCV  
  15  0:44  SCV  
  15  0:47  Barracks  
  16  0:53  Refinery  
  16  0:56  SCV  
  17  1:09  SCV  
  18  1:23  SCV  
  19  1:37  Supply Depot, Marine  
  19  1:39  Orbital Command  
  20  2:00  Barracks Reactor  
  20  2:05  Factory  
  20  2:08  SCV  
  21  2:23  SCV  
  21  2:26  Barracks Reactor  
  22  2:36  SCV  
  23  2:50  Factory Tech Lab  
  23  3:00  SCV, Refinery  
  24  3:06  Factory  
  24  3:23  Hellion  
  26  3:27  SCV  
  26  3:32  Supply Depot  
  27  3:36  Infernal Pre-Igniter  
  27  3:45  Hellion  
  29  3:54  Supply Depot  
  29  4:02  Barracks Reactor  
  29  4:06  Hellion  
  31  4:17  Supply Depot  
  31  4:31  Engineering Bay  
  31  4:33  Hellion  
  31  4:34  Hellion x2  
  37  4:44  Command Center  
  37  4:50  SCV  
  38  4:54  Hellion  
  38  4:55  Hellion x2  
  41  5:01  Missile Turret  
  41  5:04  Missile Turret  
  36  5:07  Missile Turret x2  
  32  5:32  SCV  
  33  5:38  Hellion  
  33  5:39  Hellion x2  
  39  5:44  SCV  
  40  5:56  SCV  
  23  6:37  SCV  
  24  6:40  Siege Tank  
  26  7:14  SCV  
  27  7:17  Orbital Command  
  27  7:26  SCV  
  28  7:35  Armory  
  28  7:38  SCV  
  28  7:42  Siege Tank  
  32  7:52  Refinery  
  32  7:53  SCV, Refinery  
  33  8:01  SCV  
  33  8:05  SCV  
  35  8:13  SCV  
  35  8:17  SCV  
Show
View Real Time Build Order
Export as new Build Order

Ekelpack Zerg - Winner!

Build Orders: Pool First 

Get SALT Encoding   

  12  0:08  Overlord  
  12  0:13  Drone  
  13  0:17  Drone  
  14  0:27  Drone  
  15  0:38  Drone  
  16  0:43  Spawning Pool  
  16  0:47  Drone  
  16  0:51  Extractor  
  16  0:52  Drone  
  16  1:02  Drone  
  17  1:14  Drone  
  18  1:24  Overlord  
  18  1:30  Queen  
  20  1:39  Zergling x2  
  21  1:48  Zergling x2  
  21  1:50  Metabolic Boost  
  22  1:56  Zergling x2  
  23  2:03  Extractor  
  23  2:07  Zergling x2  
  23  2:19  Drone  
  24  2:32  Hatchery  
  23  2:41  Zergling x2  
  23  2:42  Zergling x6  
  27  2:48  Zergling x2  
  28  3:14  Drone x2  
  28  3:16  Overlord x2  
  30  3:46  Drone x3  
  30  3:47  Drone x4  
  37  3:49  Queen  
  39  3:58  Lair  
  39  4:02  Overlord  
  39  4:15  Zergling x6  
  39  4:17  Overlord  
  42  4:31  Extractor  
  42  4:37  Drone  
  42  4:41  Drone x3, Extractor  
  44  4:46  Drone  
  44  4:47  Overlord  
  44  4:49  Drone  
  46  5:04  Drone x3  
  49  5:16  Spire  
  48  5:28  Drone x3  
  51  5:35  Overlord  
  39  6:29  Mutalisk x5  
  39  6:30  Mutalisk x4  
  39  6:31  Zerg Flyer Weapons Level 1  
  57  6:36  Mutalisk x2  
  57  6:37  Mutalisk x2  
  65  6:41  Mutalisk  
  67  7:02  Hatchery  
  66  7:11  Mutalisk  
  66  7:12  Mutalisk x2  
  66  7:14  Drone x4  
  76  7:22  Overlord x3  
  76  7:42  Mutalisk x4  
  84  8:05  Zergling x8  
  85  8:06  Zergling x2  
Tags
 
Add a new tag
Caveats
  • Supply blocks, unpowered buildings, or Contaminate may cause inaccurate times.
  • Supply counts are checked every 10 seconds.